 Dungeon Crawl Stone Soup version 0.18-a0-824-g47fe746 (webtiles) character file.

105 JokEr the Insei (level 4, -4/30 HPs)
             Began as an Octopode Transmuter on Dec 17, 2015.
             Slain by Protee's ghost (5 damage)
             ... on level 3 of the Dungeon.
             The game lasted 00:05:42 (3016 turns).

JokEr the Insei (Octopode Transmuter)               Turns: 3016, Time: 00:05:42

Health: -4/30      AC:  1    Str:  9    XL:     4   Next: 83%
Magic:  7/7        EV:  7    Int: 16    God:
Gold:   103        SH:  0    Dex: 12    Spells: 1 memorised, 6 levels left

rFire  . . .     SeeInvis .       - Unarmed
rCold  . . .     Gourm    .     (no shield)
rNeg   . . .     Faith    .     (helmet restricted)
rPois  .         Spirit   .     (no amulet)
rElec  .         Dismiss  .     (no ring)
rCorr  .         Reflect  .     (no ring)
SustAt .         Harm     .     (no ring)
MR     .....                    (no ring)
Stlth  ++........               (no ring)
                                (no ring)
                                (no ring)
                                (no ring)

@: not resistant to hostile enchantments, unstealthy
A: almost no armour, amphibious, 8 rings, constrict 8, camouflage 1, gelatinous
body 1
a: no special abilities


You were on level 3 of the Dungeon.
You were not hungry.

You visited 1 branch of the dungeon, and saw 3 of its levels.

You collected 103 gold pieces.

Inventory:

Missiles
 a - 135 arrows
Jewellery
 d - a cursed ring of loudness
 g - an uncursed ring of flight {unknown}
 h - a +1 ring of protection {unknown}
 l - a +2 ring of evasion {unknown}
Scrolls
 f - a scroll of noise {unknown}
 p - a scroll of blinking {unknown}
Potions
 e - a potion of magic {unknown}
 i - a potion of heal wounds {unknown}
 j - a potion of cure mutation {unknown}
 m - a potion of curing {unknown}
 n - a potion of mutation {unknown}
Books
 b - a book of Changes

   Spells                             Type                      Level
   a - Beastly Appendage              Transmutation                1
   b - Sticks to Snakes               Transmutation                2
   c - Spider Form                    Transmutation/Poison         3
   d - Ice Form                       Ice/Transmutation            4
   e - Blade Hands                    Transmutation                5
Comestibles
 c - a bread ration
 k - a slice of pizza
 o - 3 fruits


   Skills:
 + Level 2.8 Fighting
 - Level 2.0 Dodging
 + Level 3.8 Unarmed Combat
 - Level 2.0 Spellcasting
 + Level 3.1 Transmutations


You had 6 spell levels left.
You knew the following spells:

 Your Spells              Type           Power        Failure   Level  Hunger
a - Beastly Appendage     Trmt           ##....       8%          1    #......


Dungeon Overview and Level Annotations

Branches:
Dungeon (3/15)

Altars:
Nemelex Xobeh

Annotations:
D:3 Protee's ghost, amateur TeAE


Innate Abilities, Weirdness & Mutations

You cannot wear most types of armour.
You are amphibious.
You can wear up to eight rings at the same time.
You can use your tentacles to constrict eight enemies at once.
Your skin changes colour to match your surroundings (Stealth).
Your rubbery body absorbs attacks (AC +1).


Message History

Protee's ghost makes a sound of rattling chains.
You tentacle-slap Protee's ghost. You squeeze Protee's ghost!
Protee's ghost is heavily damaged.
Protee's ghost hits you. Protee's ghost casts a spell at you. The zap hits you!
There is a stone staircase leading up here.
You barely miss Protee's ghost.
Protee's ghost is heavily damaged.
Your tentacle spike disappears.
Protee's ghost hits you.
You tentacle-slap Protee's ghost but do no damage.
Your squeeze misses Protee's ghost.
Protee's ghost is heavily damaged.
Protee's ghost ripples.
Protee's ghost casts a spell at you. The zap hits you!
* * * LOW HITPOINT WARNING * * *
Protee's ghost hits you.
You die...

#.# ..# #.#
.....#.###
.........###
.#####.#...########
...#..........#
#####..........#
#.......W..#
#........@.#
####.####### #.#
#.# #.# ##.# #..#
####<#####
#........#


You could see Protee's ghost.

Vanquished Creatures
  Ijyb (D:2)
  2 adders (D:2)
  An ooze (D:2)
  2 worms (D:2)
  2 ball pythons (D:2)
  3 giant cockroaches
  8 goblins
  4 hobgoblins
  4 jackals
  3 quokkas (D:2)
  6 bats
  5 giant newts (D:2)
  5 kobolds (D:2)
  6 rats
52 creatures vanquished.

Notes
Turn   | Place    | Note
--------------------------------------------------------------
     0 | D:1      | JokEr the Octopode Transmuter began the quest for the Orb.
     0 | D:1      | Reached XP level 1. HP: 13/13 MP: 3/3
   296 | D:1      | Reached XP level 2. HP: 18/18 MP: 5/5
   592 | D:1      | Found a sparkling altar of Nemelex Xobeh.
  1065 | D:2      | Reached XP level 3. HP: 22/24 MP: 6/6
  1691 | D:2      | Noticed Ijyb
  1704 | D:2      | Killed Ijyb
  1704 | D:2      | Reached XP level 4. HP: 20/30 MP: 7/7
  2087 | D:3      | Noticed Protee's ghost (amateur TeAE)
  3015 | D:3      | HP: 1/30 [Protee's ghost/zap (10)]
  3016 | D:3      | Slain by Protee's ghost

Vault maps used:
D:1:      lightli_arrival_statuegarden, serial_bayou_pond_a,
          nemelex_diamond_rough_becter
D:2:      kennysheep_generic_room_12, uniq_iyjb
D:3:      minmay_misc_feat_iff

Action                   |  1- 3 |  4- 6 || total
-------------------------+-------+-------++-------
Melee: Unarmed           |    88 |    58 ||   146
 Cast: Beastly Appendage |     5 |     6 ||    11
  Use: Scroll            |     2 |     1 ||     3
 Stab: Sleeping          |     1 |     4 ||     5
  Eat: Chunk             |     2 |     3 ||     5
       Bread ration      |       |     1 ||     1
       Fruit             |       |     1 ||     1
